 Dungeon Crawl Stone Soup version 0.31-a0-441-g867994ef1c (webtiles) character file.

Game seed: 5610020160014691040

72 Xavori the Slasher (level 4, -2/35 HPs)
             Began as a Demonspawn Chaos Knight on Aug 2, 2023.
             Was a Plaything of Xom.
             Slain by a gnoll
             ... wielding a +0 club
              (4 damage)
             ... on level 2 of the Dungeon.
             The game lasted 00:00:51 (2304 turns).

Xavori the Slasher (Demonspawn Chaos Knight)        Turns: 2304, Time: 00:00:52

Health: -2/35      AC:  6    Str: 15    XL:     4   Next: 7%
Magic:  5/6        EV: 11    Int: 13    God:    Xom [......]
Gold:   110        SH:  0    Dex: 12    Spells: 5/5 levels left

rFire   . . .        a - +0 falchion (chaos)
rCold   . . .        (no shield)
rNeg    . . .        b - +2 leather armour
rPois   .            (helmet restricted)
rElec   .            (no cloak)
rCorr   .            (no gloves)
SInv    .            (no boots)
Will    .....        (no amulet)
Stlth   +            (no ring)
HPRegen 0.25/turn    (no ring)
MPRegen 0.10/turn

%: no passive effects
@: no status effects
A: horns 1, powered by pain 1, sharp scales 1, mutation resistance 1
a: Renounce Religion


You were on level 2 of the Dungeon.
You worshipped Xom.
You were a very special plaything of Xom.
You visited 1 branch of the dungeon, and saw 2 of its levels.

You collected 110 gold pieces.

Inventory:

Hand Weapons
 a - a +0 falchion of chaos (weapon)
Armour
 b - a +2 leather armour (worn)
Scrolls
 c - a scroll of butterflies
 d - a scroll of identify {unknown}
 e - a scroll of enchant armour {unknown}
 g - a scroll of vulnerability {unknown}
 i - a scroll of teleportation {unknown}
Potions
 f - 2 potions of heal wounds {unknown}
 h - 2 potions of curing {unknown}
 j - a potion of haste {unknown}


   Skills:
 + Level 3.3 Fighting
 + Level 3.3 Long Blades
 + Level 2.2 Armour
 + Level 1.2 Dodging
 + Level 0.6 Stealth
 * Level 1.3 Spellcasting


You had 5 spell levels left.
You didn't know any spells.
Your spell library contained the following spells:

 Spells                   Type           Power      Damage    Failure   Level
 Animate Dead             Necr           0%         N/A       97%         4
 Borgnjor's Vile Clutch   Necr/Erth      0%         N/A       100%        5
 Death Channel            Necr           0%         N/A       100%        6


Dungeon Overview and Level Annotations

Branches:
Dungeon (2/15)

Altars:


Innate Abilities, Weirdness & Mutations

You have a pair of small horns on your head.
You sometimes gain a little power by taking damage.
You are partially covered in razor-sharp scales. (AC +1, Slay +1)
You are somewhat resistant to further mutation.


Message History

You closely miss the gnoll.
The gnoll is almost dead.
The frilled lizard bites you.
A gnoll comes into view. It is wielding a +0 spear.
The gnoll barely misses you.
A worm comes into view.
The gnoll shouts!
You hit the gnoll. You burn the gnoll.
You kill the gnoll!
The frilled lizard barely misses you.
You have reached level 4!
You feel stronger.
Your demonic ancestry asserts itself...
You feel energised by your suffering.
The gnoll hits you from afar with a +0 spear.
A worm comes into view.
The frilled lizard attacks as you move away!
The frilled lizard bites you.
The gnoll hits you from afar with a +0 spear.
The gnoll hits you but does no damage. The gnoll hits you with a +0 spear.
The gnoll hits you from afar with a +0 spear.
* * * LOW HITPOINT WARNING * * *
The frilled lizard attacks as you move away!
The frilled lizard bites you but does no damage.
The frilled lizard attacks as you move away!
The frilled lizard bites you.
* * * LOW HITPOINT WARNING * * *
The frilled lizard attacks as you move away!
The frilled lizard bites you but does no damage. "This might be better!"
You swap places with the frilled lizard.
The frilled lizard looks rather confused.
Some monsters swap places.
The gnoll hits you from afar with a +0 spear.
* * * LOW HITPOINT WARNING * * *
You barely miss the gnoll.
The gnoll hits you from afar with a +0 spear.
* * * LOW HITPOINT WARNING * * *
The gnoll hits you with a +0 club.
You die...

........).g..ww ###.
........####### #.. ...
...........####... ..# ..
#######...........
.....##. #...#####...
#...†< #...# #.. ....####
#...###.# ...
#....##.########....
#.......g.@g...#....
#....................
#....l...............
###.#.......)......###...
#........................
.......###..........###.
. #............††......#
.....###.................
..... ####..............


You could see 2 gnolls and a frilled lizard (confused).

Vanquished Creatures
  Jessica (D:2)
  A gnoll (D:2)
  A dart slug (D:1)
  An orc (D:2)
  3 ball pythons
  2 endoplasms (D:1)
  3 giant cockroaches
  3 goblins (D:1)
  6 hobgoblins
  2 kobolds (D:1)
  2 bats
  5 rats (D:1)
30 creatures vanquished.

Notes
Turn   | Place    | Note
-------+----------+-------------------------------------------
     0 | D:1      | Xavori the Demonspawn Chaos Knight began the quest for the
                  | Orb.
     0 | D:1      | Reached XP level 1. HP: 18/18 MP: 1/1
   109 | D:1      | Gained mutation: You are partially covered in razor-sharp
                  | scales. (AC +1, Slay +1) [demonic ancestry]
   109 | D:1      | Reached XP level 2. HP: 23/24 MP: 2/2
   594 | D:1      | Reached skill level 1 in Spellcasting
  1372 | D:1      | XOM: god gift: 7 stones
  1499 | D:1      | XOM is BORED!
  1818 | D:1      | XOM: give mutation
  1818 | D:1      | Gained mutation: You are somewhat resistant to further
                  | mutation. [Xom's mischief]
  2075 | D:1      | XOM: summons 4 hostile shadow creatures
  2080 | D:2      | Gained mutation: You have a pair of small horns on your
                  | head. [demonic ancestry]
  2080 | D:2      | Reached XP level 3. HP: 29/29 MP: 4/4
  2191 | D:2      | Noticed Jessica
  2191 | D:2      | XOM: 1-stop teleportation journey
  2196 | D:2      | Killed Jessica
  2197 | D:2      | Reached skill level 1 in Dodging
  2289 | D:2      | Gained mutation: You sometimes gain a little power by
                  | taking damage. [demonic ancestry]
  2289 | D:2      | Reached XP level 4. HP: 22/35 MP: 4/6
  2303 | D:2      | XOM: swap monsters
  2304 | D:2      | Slain by a gnoll

Illustrated notes

Levels and vault maps discovered:
D:1:      sevenhm_arrival_forest_fort_large_4, layout_loops_ring
D:2:      layout_rooms, uniq_jessica, uniq_terence, uniq_natasha

Skill      XL: |  1  2  3 |
---------------+----------+-----
Armour         | 2 |  2.2
Long Blades    | 3 |  3.3
Spellcasting   | 1 |  1.3
Dodging        | 1 |  1.2
Fighting       | |  3.3
Stealth        | |  0.6

Action                     |  1- 3 |  4- 6 || total
---------------------------+-------+-------++-------
  Melee: Falchion          |    85 |     1 ||    86
         Headbutt          |     5 |       ||     5
   Stab: Sleeping          |     1 |       ||     1
 Armour: Leather armour    |    39 |     3 ||    42
  Dodge: Dodged            |    50 |       ||    50

Table legend: (Time is in decaauts)
 A = Elapsed time spent in this place.
 B = Non-inter-level travel time spent in this place.
 C = Inter-level travel time spent in this place.
 D = Time resting spent in this place.
 E = Time spent auto-exploring this place.
 F = Levels seen in this place.
 G = Mean time per level.
                   A        B        C        D        E       F      G
               +--------+--------+--------+--------+--------+-----+--------+
         Total |   2317 |   2239 |     78 |   1412 |    613 |   2 | 1158.5 |
       Dungeon |   2317 |   2239 |     78 |   1412 |    613 |   2 | 1158.5 |
               +--------+--------+--------+--------+--------+-----+--------+

Top non-repeatable levels by time:
     D:1: 2084 daAuts
     D:2: 233 daAuts
